 Seeded DCSS version 0.30.0-5-g1a98f26d00 (webtiles) character file.

Game seed: 3 (custom seed)

324 Kazon the Chopper (level 6, 0/53 HPs)
             Began as a Hill Orc Fighter on May 12, 2023.
             Was an Initiate of Beogh.
             Slain by a phantom (5 damage)
             ... on level 5 of the Dungeon.
             The game lasted 00:10:35 (2664 turns).

Kazon the Chopper (Hill Orc Fighter)                Turns: 2664, Time: 00:10:36

Health: 0/53       AC:  7    Str: 22    XL:     6   Next: 48%
Magic:  9/9        EV: 10    Int: 10    God:    Beogh [......]
Gold:   247        SH:  8    Dex: 10    Spells: 5/5 levels left

rFire   + . .        z - +2 flail (drain)
rCold   . . .        b - +0 kite shield
rNeg    . . .        w - +1 leather armour {rPois}
rPois   +            A - +0 helmet
rElec   .            (no cloak)
rCorr   .            y - +1 pair of gloves {Str+3}
SInv    .            (no boots)
Will    .....        (no amulet)
Stlth   +            v - ring of protection from fire
HPRegen 0.28/turn    (no ring)
MPRegen 0.11/turn

%: no passive effects
@: no status effects
A: no striking features
a: Renounce Religion


You were on level 5 of the Dungeon.
You worshipped Beogh.
Beogh was noncommittal.
You visited 1 branch of the dungeon, and saw 5 of its levels.

You collected 269 gold pieces.
You donated 22 gold pieces to Zin.

Inventory:

Hand Weapons
 a - a +0 war axe
 e - a +0 war axe
 z - a +2 flail of draining (weapon)
Missiles
 k - 30 stones (quivered)
 s - 7 poisoned darts
 x - a curare-tipped dart
Armour
 b - a +0 kite shield (worn)
 w - a +1 leather armour of poison resistance (worn)
 y - a +1 pair of gloves of strength (worn)
 A - a +0 helmet (worn)
Jewellery
 v - a ring of protection from fire (left hand)
Wands
 c - a wand of flame (7)
Scrolls
 f - 2 scrolls of fear {unknown}
 g - 2 scrolls of vulnerability {unknown}
 h - 2 scrolls of identify {unknown}
 i - 4 scrolls of teleportation {unknown}
 j - a scroll of blinking {unknown}
 p - a scroll of enchant armour {unknown}
 u - a scroll of fog {unknown}
 B - a scroll of enchant weapon {unknown}
Potions
 d - a potion of might
 l - 3 potions of degeneration {unknown}
 m - 3 potions of heal wounds {unknown}
 n - a potion of attraction {unknown}
 o - a potion of ambrosia {unknown}
 q - a potion of magic {unknown}
 r - 4 potions of brilliance {unknown}
 t - 2 potions of curing {unknown}


   Skills:
 + Level 4.4 Fighting
 + Level 5.2 Axes
 + Level 4.1 Armour
 + Level 0.8 Dodging
 + Level 0.2 Stealth
 + Level 3.7 Shields
 * Level 4.0 Invocations
 * Level 1.3 Evocations


You had 5 spell levels left.
You didn't know any spells.
Your spell library was empty.

Dungeon Overview and Level Annotations

Branches:
Dungeon (5/15)
 Temple: D:4-7

Altars:
Nemelex Xobeh
Zin

Shops:
D:3 [

Annotations:
D:4 1 runed translucent door, Crazy Yiuf


Message History

The phantom is lightly damaged.
The phantom hits you but does no damage. x2
You hit the phantom but do no damage.
The phantom is lightly damaged.
You block the phantom's attack.
The orc priest calls down the wrath of Beogh upon you.
Pain shoots through your body!
You sock the phantom!
The phantom is severely damaged.
You block the phantom's attack.
You miss the phantom.
The phantom is severely damaged.
The phantom hits you but does no damage.
The orc priest invokes the aid of Beogh against you.
Beogh smites you!
* * * LOW HITPOINT WARNING * * *
The phantom hits you.
* * * LOW HITPOINT WARNING * * *
You closely miss the phantom.
The phantom is severely damaged.
The phantom hits you but does no damage.
You sock the orc priest!
The orc priest is heavily wounded.
The phantom barely misses you.
The orc priest hits you with a +0 dagger.
* * * LOW HITPOINT WARNING * * *
You hit the orc priest. You drain the orc priest.
The orc priest is almost dead.
You block the phantom's attack. You block the orc priest's attack.
The phantom hits you but does no damage.
The orc priest hits you but does no damage.
You barely miss the orc priest.
The orc priest is almost dead.
The phantom hits you.
* * * LOW HITPOINT WARNING * * *
The orc priest hits you but does no damage.
You barely miss the phantom.
The phantom is severely damaged.
The phantom hits you.
You die...

#.# #.# #.# #.#
#.# #.# #.#
...#####.#.####
......o@W.....>
###############


You could see a phantom and an orc priest (very drained).

Vanquished Creatures
  A black bear (D:5)
  A kobold brigand (D:4)
  A scorpion (D:4)
  2 gnolls (D:4)
  3 adders
  A worm (D:2)
  2 dart slugs
  2 orcs
  4 bats
  6 endoplasms
  4 giant cockroaches
  8 hobgoblins
  5 jackals
  3 kobolds
  4 quokkas
  4 ball pythons
  6 frilled lizards
  10 goblins
  4 rats
71 creatures vanquished.

Vanquished Creatures (others)
  An orc priest (D:4)
  An orc wizard (D:4)
  A gnoll (D:4)
  An orc (D:4)
  A giant cockroach (D:4)
5 creatures vanquished.

Grand Total: 76 creatures vanquished

Notes
Turn   | Place    | Note
-------+----------+-------------------------------------------
     0 | D:1      | Kazon the Hill Orc Fighter began the quest for the Orb.
     0 | D:1      | Reached XP level 1. HP: 19/19 MP: 1/1
    34 | D:1      | Found a faded altar of an unknown god.
    41 | D:1      | Reached XP level 2. HP: 25/27 MP: 2/2
    62 | D:1      | Prayed at the altar of an unknown god.
    62 | D:1      | Became a worshipper of Zin the Law-Giver
    62 | D:1      | Reached * piety under Zin
   148 | D:1      | Reached skill level 1 in Invocations
   226 | D:1      | Reached skill level 3 in Axes
   406 | D:1      | Reached ** piety under Zin
   419 | D:1      | Reached XP level 3. HP: 30/33 MP: 3/3
   942 | D:2      | Reached XP level 4. HP: 26/40 MP: 4/6
  1209 | D:2      | Reached *** piety under Zin
  1476 | D:3      | Found Ydegiw's Antique Armour Boutique.
  2093 | D:4      | Reached **** piety under Zin
  2137 | D:4      | Reached skill level 4 in Axes
  2155 | D:4      | Fell from the grace of Zin
  2155 | D:4      | Became a worshipper of Beogh the Brigand
  2157 | D:4      | Noticed a kobold brigand
  2175 | D:4      | Killed a kobold brigand
  2176 | D:4      | Reached XP level 5. HP: 16/46 MP: 7/7
  2255 | D:4      | Paralysed by the wrath of Zin for 5 turns
  2299 | D:4      | Reached skill level 1 in Evocations
  2307 | D:4      | Found a runed translucent door.
  2308 | D:4      | Noticed Crazy Yiuf
  2344 | D:4      | Found a sparkling altar of Nemelex Xobeh.
  2377 | D:4      | Reached XP level 6. HP: 53/53 MP: 8/8
  2636 | D:5      | Entered Level 5 of the Dungeon
  2640 | D:5      | Noticed a black bear
  2648 | D:5      | Killed a black bear
  2649 | D:5      | Reached skill level 5 in Axes
  2664 | D:5      | Slain by a phantom

Illustrated notes

Levels and vault maps discovered:
D:1:      beargit_arrival_greenhouse, layout_loops_ring,
          nicolae_ecumenical_lake_church, grunt_decor_mini_mirrors
D:2:      layout_basic
D:3:      layout_basic, serial_shops, shop
D:4:      layout_rooms, nemelex_xobeh_ov_fountains_minmay,
          uniq_crazy_yiuf_cottage
D:5:      layout_basic, minmay_manual_mandibuliform

Skill      XL: |  1  2  3  4  5  6 |
---------------+-------------------+-----
Invocations    | 1 2 3 4 |  4.0
Axes           | 3 4 5 |  5.2
Fighting       | 4 |  4.4
Armour         | 4 |  4.1
Evocations     | 1 |  1.3
Dodging        | |  0.8
Stealth        | |  0.2
Shields        | |  3.7

Action                     |  1- 3 |  4- 6 || total
---------------------------+-------+-------++-------
  Melee: War axe           |   127 |    95 ||   222
         Flail             |       |    20 ||    20
  Throw: Stone             |       |     4 ||     4
 Invoke: Convert to Beogh  |       |     1 ||     1
 Armour: Scale mail        |    57 |    25 ||    82
         Leather armour    |       |    30 ||    30
  Dodge: Dodged            |    54 |    39 ||    93
  Block: Buckler           |    21 |     8 ||    29
         Kite shield       |       |    36 ||    36
